 Dungeon Crawl Stone Soup version 0.21-a0-321-g91e3373 (webtiles) character file.

48 crawlusername the Charmwright (level 3, -2/31 HPs)
             Began as a Gnoll Skald on Sept 30, 2017.
             Killed by divine providence
             ... invoked by an orc priest
              (13 damage)
             ... on level 2 of the Dungeon.
             The game lasted 00:02:19 (1489 turns).

crawlusername the Charmwright (Gnoll Skald)         Turns: 1489, Time: 00:02:19

Health: -2/31      AC:  5    Str: 14    XL:     3   Next: 72%
Magic:  1/9        EV: 13    Int: 15    God:
Gold:   83         SH:  0    Dex: 14    Spells: 9/12 levels left

rFire    . . .     SeeInvis .   a - +0 spear
rCold    . . .     Gourm    .   (no shield)
rNeg     . . .     Faith    .   j - +0 ring mail
rPois    .         Spirit   .   (no helmet)
rElec    .         Reflect  .   (no cloak)
rCorr    .         Harm     .   (no gloves)
MR       .....                  (no boots)
Stlth    +.........             (no amulet)
HPRegen  0.10/turn              (no ring)
MPRegen  0.11/turn              (no ring)

@: infused (expiring), singing
A: distributed training, fangs 1, strong nose
a: no special abilities


You were on level 2 of the Dungeon.
You were near starving.

You visited 1 branch of the dungeon, and saw 2 of its levels.

You collected 83 gold pieces.

Inventory:

Hand Weapons
 a - a +0 spear (weapon)
Armour
 j - a +0 ring mail (worn)
Scrolls
 b - a scroll of teleportation {unknown}
Potions
 e - a potion of curing {unknown}
 f - a potion of flight {unknown}
 g - a potion of heal wounds {unknown}
 h - a potion of agility {unknown}
Books
 c - a book of Battle

   Spells                             Type                      Level
   a - Infusion                       Charms                       1
   b - Shroud of Golubria             Charms/Translocation         2
   c - Song of Slaying                Charms                       2
   d - Spectral Weapon                Hexes/Charms                 3
   e - Regeneration                   Charms/Necromancy            3
Comestibles
 d - a bread ration
 i - 3 fruits


   Skills:
 + Level 4.7 Fighting
 + Level 0.8 Short Blades
 + Level 0.8 Long Blades
 + Level 0.8 Axes
 + Level 0.8 Maces & Flails
 + Level 4.5 Polearms
 + Level 0.8 Staves
 + Level 1.7 Slings
 + Level 1.3 Bows
 + Level 0.0 Crossbows
 + Level 0.8 Throwing
 + Level 3.7 Armour
 + Level 4.5 Dodging
 + Level 1.7 Stealth
   Level 0.0 Stabbing
 + Level 0.0 Shields
   Level 0.0 Traps
 + Level 1.3 Unarmed Combat
 + Level 5.0 Spellcasting
 + Level 0.0 Conjurations
 + Level 0.0 Hexes
 + Level 6.4 Charms
 + Level 0.8 Summonings
 + Level 0.0 Necromancy
 + Level 0.0 Translocations
 + Level 0.0 Transmutations
 + Level 0.0 Fire Magic
 + Level 0.0 Ice Magic
 + Level 0.0 Air Magic
 + Level 0.8 Earth Magic
 + Level 0.8 Poison Magic
 + Level 0.0 Invocations
 + Level 0.8 Evocations


You had 9 spell levels left.
You knew the following spells:

 Your Spells              Type           Power        Failure   Level  Hunger
a - Infusion              Chrm           ###.         2%          1    None
b - Song of Slaying       Chrm           ###.....     3%          2    ##.....


Dungeon Overview and Level Annotations

Branches:
Dungeon (2/15)

Altars:


Innate Abilities, Weirdness & Mutations

Your experience applies equally to all skills.
You have very sharp teeth.
Your uncanny sense of smell can sniff out nearby items.


Message History

Aim: an orc priest, wielding a club and wearing a chain mail (moderately wounded)
You hit the orc priest but do no damage.
Your bite misses the orc priest.
The orc priest is moderately wounded.
The orc priest hits you but does no damage.
You hit the orc priest but do no damage.
The orc priest is moderately wounded.
The orc priest closely misses you.
You closely miss the orc priest.
The orc priest is moderately wounded.
Your magical infusion is running out.
The orc priest looks encouraged for a moment.
You hit the orc priest but do no damage.
The orc priest is moderately wounded.
You hit the orc priest.
You bite the orc priest, but do no damage.
The orc priest is severely wounded.
The orc priest calls down the wrath of Beogh upon you.
Beogh smites you!
You die...

#########
#..@o...#
#.)##......
#.. ..##.
#.. .# ...
# .##. ##
#. #.


You could see an orc priest.

Vanquished Creatures
  An orc wizard (D:1)
  A leopard gecko (D:1)
  2 orcs (D:2)
  2 goblins (D:1)
  3 hobgoblins (D:1)
  A ball python (D:1)
  2 bats (D:1)
  3 frilled lizards
  3 kobolds (D:1)
  5 rats (D:1)
23 creatures vanquished.

Notes
Turn   | Place    | Note
-------+----------+-------------------------------------------
     0 | D:1      | crawlusername the Gnoll Skald began the quest for the Orb.
     0 | D:1      | Reached XP level 1. HP: 20/20 MP: 6/6
   258 | D:1      | Reached skill level 1 in Slings
   258 | D:1      | Reached XP level 2. HP: 24/26 MP: 7/7
   402 | D:1      | Learned a level 2 spell: Song of Slaying
   646 | D:1      | Reached skill level 1 in Bows
  1218 | D:1      | Reached skill level 1 in Stealth
  1218 | D:1      | Reached skill level 1 in Unarmed Combat
  1218 | D:1      | Reached XP level 3. HP: 5/31 MP: 2/9
  1478 | D:2      | Reached skill level 5 in Spellcasting
  1489 | D:2      | Killed from afar by an orc priest

Vault maps used:
D:1:      minmay_arrival_floating_metal
D:2:      minitemple, cheibriados_altar_1, uniq_crazy_yiuf_cottage, uniq_terence

Skill      XL: |  1  2  3 |
---------------+----------+-----
Slings         | 1 |  1.7
Bows           | 1 |  1.3
Armour         | 3 |  3.7
Stealth        | 1 |  1.7
Unarmed Combat | 1 |  1.3
Spellcasting   | 5 |  5.0
Fighting       | |  4.7
Short Blades   | |  0.8
Long Blades    | |  0.8
Axes           | |  0.8
Maces & Flails | |  0.8
Polearms       | |  4.5
Staves         | |  0.8
Throwing       | |  0.8
Dodging        | |  4.5
Charms         | |  6.4
Summonings     | |  0.8
Earth Magic    | |  0.8
Poison Magic   | |  0.8
Evocations     | |  0.8

Action                   || total
-------------------------++-------
Melee: Spear             ||    75
       Bite              ||     4
 Cast: Infusion          ||     6
       Song of Slaying   ||     5
Armor: Leather armour    ||     4
       Ring mail         ||     9
Dodge: Dodged            ||    38

Table legend:
 A = Spawn XP
 B = Non-spawn XP
 C = Spawn XP percentage of total XP
 D = Spawn monster count
 E = Non-spawn monster count
 F = Spawn count percentage of total count
 G = Total turns spent on level
                    A         B        C        D         E        F      G
               +---------+---------+-------+---------+---------+-------+---------
         Total |       0 |      69 |   0.0 |       0 |      23 |   0.0 |  1489
               +---------+---------+-------+---------+---------+-------+---------
           D:1 |       0 |      62 |   0.0 |       0 |      20 |   0.0 |  1465
           D:2 |       0 |       7 |   0.0 |       0 |       3 |   0.0 |    24
               +---------+---------+-------+---------+---------+-------+---------
